 Dungeon Crawl Stone Soup version 0.27.0-1-g7a089689b8 (webtiles) character file.

Game seed: 17485762195977116658

6150 pkoi the Protected (level 10, -7/89 HPs)
             Began as a Minotaur Fighter on Aug 5, 2021.
             Was a Follower of Makhleb.
             Mangled by Harold (21 damage)
             ... on level 8 of the Dungeon.
             The game lasted 00:11:12 (10110 turns).

pkoi the Protected (Minotaur Fighter)              Turns: 10110, Time: 00:11:13

Health: -7/89      AC: 20    Str: 22    XL:     10   Next: 59%
Magic:  11/11      EV:  5    Int:  5    God:    Makhleb [*.....]
Gold:   272        SH:  0    Dex: 14    Spells: 9/9 levels left

rFire    + + +     SeeInvis .   k - +3 short sword (venom)
rCold    . . .     Faith    .   c - +1 kite shield
rNeg     . . .     Spirit   .   u - +8 chain mail "Zoal" {rF+++ Str-2 Dex+4}
rPois    .         Reflect  .   (helmet restricted)
rElec    .         Harm     .   e - +0 cloak
rCorr    .         Rampage  .   (no gloves)
Will     .....                  (no boots)
Stlth    ..........             (no amulet)
HPRegen  0.24/turn              (no ring)
MPRegen  0.12/turn              (no ring)

@: about to teleport, marked, held
A: horns 2, retaliatory headbutt
a: Renounce Religion


You were on level 8 of the Dungeon.
You worshipped Makhleb.
Makhleb was aware of your devotion.
You visited 2 branches of the dungeon, and saw 10 of its levels.
You also visited: Sewer.

You collected 272 gold pieces.

Inventory:

Hand Weapons
 a - a +0 long sword of flaming
 k - a +3 short sword of venom (weapon)
Missiles
 f - 14 boomerangs (quivered)
 l - 2 silver javelins
Armour
 c - a +1 kite shield (worn)
 e - a +0 cloak (worn)
 u - the +8 chain mail "Zoal" (worn) {rF+++ Str-2 Dex+4}
   (You found it on level 6 of the Dungeon)

   Str:       It affects your strength (-2).
   Dex:       It affects your dexterity (+4).
   rF:        It renders you almost immune to fire.
Jewellery
 g - a +6 ring of intelligence
Wands
 v - a wand of mindburst (16)
 y - a wand of acid (13)
Scrolls
 b - a scroll of teleportation
 m - a scroll of enchant armour
 r - a scroll of identify
Potions
 d - 3 potions of might
 h - 2 potions of curing
 i - a potion of flight
 n - a potion of haste
 o - a potion of heal wounds
 p - 4 potions of cancellation


   Skills:
 + Level 8.3 Fighting
 + Level 7.9 Long Blades
 + Level 5.5 Throwing
 + Level 8.6 Armour
 + Level 6.6 Dodging
 + Level 8.4 Shields
 + Level 3.5 Invocations
 + Level 3.1 Evocations


You had 9 spell levels left.
You didn't know any spells.
Your spell library contained the following spells:

 Spells                   Type           Power      Damage    Failure   Level
 Corona                   Hex            0%         N/A       100%        1
 Freeze                   Ice            0%         1d3       100%        1
 Ensorcelled Hibernation  Hex/Ice        0%         N/A       100%        2
 Static Discharge         Conj/Air       0%         N/A       100%        2
 Sublimation of Blood     Necr           0%         N/A       100%        2
 Wereblood                Tmut           0%         N/A       100%        2
 Dazzling Flash           Conj/Hex       0%         N/A       100%        3
 Frozen Ramparts          Ice            0%         1d2       100%        3
 Tukima's Dance           Hex            0%         N/A       100%        3
 Hailstorm                Conj/Ice       0%         3d3       100%        4
 Iskenderun's Mystic Bla  Conj/Tloc      0%         2d3       100%        4
 Alistair's Intoxication  Tmut/Pois      0%         N/A       100%        5
 Borgnjor's Vile Clutch   Necr/Erth      0%         N/A       100%        5
 Lightning Bolt           Conj/Air       0%         1d11      100%        5
 Summon Forest            Summ/Tloc      0%         N/A       100%        5
 Eringya's Noxious Bog    Tmut/Pois      0%         N/A       100%        6
 Starburst                Conj/Fire      0%         8x6d3     100%        6
 Summon Hydra             Summ           0%         N/A       100%        7
 Maxwell's Capacitive Co  Air            0%         ∞         100%        8


Dungeon Overview and Level Annotations

Branches:
Dungeon (9/15)             Temple (1/1) D:6           Sewer (visited)
   Lair: D:8-11         Orc: D:9-12

Altars:
Ashenzari
Cheibriados
Dithmenos
Fedhas
Gozag
Hepliaklqana
Kikubaaqudgha
Makhleb
Nemelex Xobeh
Okawaru
Qazlal
Ru
Sif Muna
Trog
Uskayaw
Vehumet
Wu Jian
Xom
Yredelemnul
Zin
The Shining One

Annotations:
D:8 Harold


Innate Abilities, Weirdness & Mutations

You have a pair of horns on your head.
You reflexively headbutt those who attack you in melee.


Message History

You barely miss Harold. You headbutt Harold, but do no damage.
Harold is moderately wounded.
Harold hits you with a +2 vampiric battleaxe!
* * * LOW HITPOINT WARNING * * *
Harold draws strength from your wounds!
You hit Harold but do no damage.
Harold looks as sick as possible!
Harold is lightly wounded.
Harold hits you but does no damage.
Harold says, "Let's make it quick, okay?
I've got mouths to feed."
Harold gestures at you while chanting. The mark upon you grows brighter.
There is a stone staircase leading up, spattered with blood here.
Harold hits you with a +2 vampiric battleaxe!!
* * * LOW HITPOINT WARNING * * *
Harold draws strength from your wounds!
You climb upwards.
There is a stone staircase leading down, spattered with blood here.
Unknown command.
Harold barely misses you.
Items here: )))) [[.
Harold throws a throwing net.
The throwing net hits you.
You become entangled in the net!
You see here a throwing net.
You struggle against the net.
Harold fires a harpoon shot at you.
The harpoon shot hits you but does no damage.
You struggle against the net.
You struggle against the net.
Harold hits you with a +2 vampiric battleaxe.
* * * LOW HITPOINT WARNING * * *
Harold draws strength from your wounds!
You feel much better.
Harold hits you with a +2 vampiric battleaxe.
* * * LOW HITPOINT WARNING * * *
Harold draws strength from your wounds!
As you read the scroll of teleportation, it crumbles to dust.
You feel strangely unstable. Harold hits you but does no damage.
You tear a large gash into the net.
Harold hits you with a +2 vampiric battleaxe!!
You die...

.....# #..# #.# ####.######.##
.....# ##.###.# #..^..# #.##
.)...# #..##.###.....# #.##
))...#######.....#.......# #.#.
...........#.....#.#.....# #.##
..........(#.....#.#..#.## #.#
...........#.....#.#.##.# #.#
...........#.....#......## #.#
...........#....@###.....#####.#
################@# #....[##....#
#.).[># #......#.#### #.#####
##.....#.#####
#†########.....#......
######........#.....#######
######.............#.....# #
#..................#.....# #
#..........†.......#####.#######


You could see Harold (very poisoned).

Vanquished Creatures
  A centaur warrior (D:8)
  2 two-headed ogres (D:8)
  Maggie (D:6)
  A kobold demonologist (D:8)
  A wyvern (D:8)
  An acid dragon (D:8)
  An orc warrior (D:8)
  Duvessa (D:4)
  3 ice beasts
  3 ogres
  A black bear (D:4)
  3 necrophages
  2 kobold brigands (D:8)
  A water moccasin zombie (D:5)
  4 scorpions
  Dowan (D:4)
  4 wights (D:8)
  10 killer bees
  4 howler monkeys (D:8)
  A bullfrog zombie (D:6)
  3 centaur zombies
  4 hounds
  A jelly (D:7)
  3 orc priests
  A gnoll shaman (D:8)
  2 centaur skeletons
  6 bullfrog skeletons
  An iguana (D:7)
  3 orc wizards
  A killer bee zombie (D:8)
  A hound zombie (D:5)
  2 hound skeletons
  7 gnolls
  A howler monkey skeleton (D:7)
  12 adders
  3 river rats (Sewer)
  A shadow imp (D:5)
  An ufetubus (D:6)
  An adder skeleton (D:4)
  2 dart slugs
  16 orcs
  3 bats
  9 endoplasms
  4 giant cockroaches
  5 hobgoblins
  5 jackals
  37 kobolds
  2 quokkas
  6 ball pythons
  4 frilled lizards
  4 goblins
  29 rats
226 creatures vanquished.

Notes
Turn   | Place    | Note
-------+----------+-------------------------------------------
     0 | D:1      | pkoi the Minotaur Fighter began the quest for the Orb.
     0 | D:1      | Reached XP level 1. HP: 19/19 MP: 0/0
   238 | D:1      | Reached XP level 2. HP: 27/27 MP: 1/1
   524 | D:1      | Reached skill level 1 in Dodging
   919 | D:2      | Reached XP level 3. HP: 33/33 MP: 2/2
  1677 | D:3      | Noticed a necrophage
  1689 | D:3      | Killed a necrophage
  1690 | D:3      | Reached XP level 4. HP: 36/41 MP: 3/3
  1690 | D:3      | Reached XP level 5. HP: 41/47 MP: 4/4
  2486 | D:3      | Reached XP level 6. HP: 55/55 MP: 5/5
  2931 | D:4      | Noticed Dowan
  2932 | D:4      | Noticed Duvessa
  2943 | D:4      | Killed Duvessa
  2944 | D:4      | Reached skill level 5 in Fighting
  2944 | D:4      | Reached skill level 1 in Throwing
  2944 | D:4      | Reached skill level 5 in Armour
  2944 | D:4      | Reached skill level 5 in Shields
  2949 | D:4      | Killed Dowan
  3311 | D:4      | Reached XP level 7. HP: 61/61 MP: 6/6
  3826 | D:5      | Entered Level 5 of the Dungeon
  3945 | D:5      | Reached skill level 5 in Long Blades
  4058 | D:5      | Reached XP level 8. HP: 55/70 MP: 7/7
  4496 | D:6      | Found a glowing drain.
  4744 | Sewer    | Entered a sewer
  5576 | D:6      | Identified the +8 chain mail "Zoal" {rF+++ Str-2 Dex+4}
  5706 | D:6      | Noticed Maggie
  5724 | D:6      | Killed Maggie
  6003 | D:6      | Reached skill level 5 in Dodging
  6003 | D:6      | Reached XP level 9. HP: 78/78 MP: 8/8
  6049 | D:6      | Found a staircase to the Ecumenical Temple.
  6061 | Temple   | Entered the Ecumenical Temple
  6360 | Temple   | Became a worshipper of Makhleb the Destroyer
  6574 | D:6      | Identified the +1 leather armour of Past Mistakes {Will+}
  6955 | D:7      | Reached skill level 1 in Invocations
  7323 | D:7      | Reached skill level 1 in Evocations
  7449 | D:7      | Identified the +7 rapier of the Wilderness {flame, Str+2
                  | Int+7}
  8121 | D:8      | Noticed a centaur warrior
  8143 | D:8      | Killed a centaur warrior
  8752 | D:8      | Reached XP level 10. HP: 83/86 MP: 10/10
  8845 | D:8      | Reached * piety under Makhleb
  9294 | D:9      | Noticed a two-headed ogre
  9302 | D:8      | Reached skill level 5 in Throwing
  9352 | D:9      | Noticed Harold
  9364 | D:8      | Killed a two-headed ogre
  9782 | D:9      | Noticed a two-headed ogre
  9799 | D:8      | Killed a two-headed ogre
 10107 | D:8      | HP: 4/89 [Harold (4)]
 10110 | D:8      | Mangled by Harold

Illustrated notes

Levels and vault maps discovered:
D:1:      enne_arrival_octagon_isle, layout_loops_ring, fountainhead
D:2:      layout_basic
D:3:      layout_loops_ring
D:4:      layout_basic, fountainhead, uniq_duvessa
D:5:      layout_basic
D:6:      layout_loops_cross, minmay_temple_entry_nine_rooms,
          cheibrodos_sewer_entry_drain, uniq_maggie
D:7:      layout_basic, minmay_misc_feat_chi
D:8:      layout_basic
D:9:      layout_layer_cave, uniq_prince_ribbit1, uniq_gastronok, uniq_harold,
          uniq_pikel
Temple:   regret_index_temple_sigil_plot

Skill      XL: |  1  2  3  4  5  6  7  8  9 10 |
---------------+-------------------------------+-----
Dodging        | 1 2 3 5 6 |  6.6
Fighting       | 4 5 6 7 8 |  8.3
Shields        | 4 5 6 7 8 |  8.4
Long Blades    | 3 4 5 6 7 |  7.9
Armour         | 4 5 6 7 8 |  8.6
Throwing       | 1 2 3 4 5 |  5.5
Invocations    | 2 3 |  3.5
Evocations     | 2 3 |  3.1

Action                   |  1- 3 |  4- 6 |  7- 9 | 10-12 || total
-------------------------+-------+-------+-------+-------++-------
Melee: Long sword        |   100 |    65 |   207 |    60 ||   432
       Headbutt          |    12 |    20 |    91 |    29 ||   152
       Short sword       |       |    35 |   183 |    52 ||   270
Throw: Boomerang         |       |     3 |     1 |       ||     4
  Use: Scroll            |     2 |     6 |     6 |     2 ||    16
       Potion            |       |       |     8 |     1 ||     9
Armor: Scale mail        |    42 |    45 |   101 |       ||   188
       Chain mail        |       |       |   108 |    78 ||   186
Dodge: Dodged            |    23 |    38 |   155 |    42 ||   258
Block: Kite shield       |    51 |    49 |   313 |    92 ||   505
       Rpst.: Long sword |     3 |     9 |    21 |     6 ||    39
